 Dungeon Crawl Stone Soup version 0.29-a0-834-g1e95ca9f62 (webtiles) character file.

Game seed: 2419264689200184211

2 buhh the Insei (level 1, 9/9 HPs)
             Began as a Vine Stalker Transmuter on July 13, 2022.
             Quit the game on level 1 of the Dungeon.
             The game lasted 00:00:31 (180 turns).

buhh the Insei (Vine Stalker Transmuter)             Turns: 180, Time: 00:00:32

Health: 9/9        AC:  2    Str: 12    XL:     1   Next: 30%
Magic:  4/4        EV: 12    Int: 13    God:
Gold:   0          SH:  0    Dex: 14    Spells: 3/4 levels left

rFire   . . .      SeeInvis .     - Unarmed
rCold   . . .      Faith    .   (no shield)
rNeg    . . .      Spirit   +   a - +0 robe
rPois   .          Reflect  .   (no helmet)
rElec   .          Harm     .   (no cloak)
rCorr   .          Rampage  .   (no gloves)
Will    .....                   (no boots)
Stlth   +.........              (no amulet)
HPRegen 0.03/turn               (no ring)
MPRegen 0.09/turn               (no ring)

@: no status effects
A: fangs 2, magic shield, antimagic bite, no potion heal 2
a: no special abilities


You were on level 1 of the Dungeon.
You visited 1 branch of the dungeon, and saw 1 of its levels.

Inventory:

Armour
 a - a +0 robe (worn)
Scrolls
 b - a scroll of identify {unknown}
 c - a scroll of fog {unknown}
Potions
 n - a potion of lignification {!d}


   Skills:
 * Level 0.9 Fighting
 * Level 1.6 Dodging
 * Level 3.0 Unarmed Combat
 - Level 2.2 Spellcasting
 - Level 2.0 Transmutations


You had 3 spell levels left.
You knew the following spells:

 Your Spells              Type           Power      Damage    Failure   Level
a - Beastly Appendage     Tmut           12%        N/A       11%         1

Your spell library contained the following spells:

 Spells                   Type           Power      Damage    Failure   Level
 Wereblood                Tmut           6%         N/A       16%         2
 Spider Form              Tmut/Pois      4%         N/A       45%         3
 Ice Form                 Ice/Tmut       4%         N/A       86%         4


Dungeon Overview and Level Annotations

Branches:
Dungeon (1/15) Zot: 5820

Altars:


Innate Abilities, Weirdness & Mutations

You have extremely sharp teeth.
When hurt, damage is shared between your health and your magic reserves.
Your bite disrupts and absorbs the magic of your enemies.
Potions cannot restore your health.


Message History

You closely miss the bat. Your kick misses the bat. Your bite misses the bat.
The bat closely misses you. The bat barely misses you. The bat hits you.
The bat hits you but does no damage. The bat closely misses you.
You closely miss the bat. The bat barely misses you.
The bat hits you but does no damage. The bat closely misses you.
The bat hits you but does no damage.
You hit the bat.
You kill the bat!
Your transformation is almost over.
No target in view!
Magic restored.
Your horns disappear.
Your talons disappear.
HP restored.
You open the door.
There is an open door here.
You open the door.
An endoplasm comes into view.
There is an open door here.
An endoplasm is nearby!
An endoplasm is nearby!
You grow a pair of large bovine horns.
Your feet morph into talons.
The endoplasm quivers.
You barely miss the endoplasm. You bite the endoplasm. You drain its power.
You feel invigorated.
The endoplasm is heavily wounded.
The endoplasm freezes you.
You are frozen.
You hit the endoplasm. You bite the endoplasm.
You kill the endoplasm!
No target in view!
Your transformation is almost over.
Your horns disappear.
Your talons disappear.
A kobold comes into view. It is wielding a +0 short sword.
A kobold is nearby!
There is an open door here.
There is an open door here.
Are you sure you want to abandon this character and quit the game? (Confirm with "yes".)

#............#
#............#
#............# )
#............# ...
#######'######
...####### #.#
.........####'###
.........##.....#
.......@........#
...##....#......#
#....#......#
#....#......#
+....+....###
#....#.)..#
#....##...#
############
#....##...#
T#p#h#i#d#6###....#


There were no monsters in sight!

Vanquished Creatures
  An endoplasm (D:1)
  A bat (D:1)
2 creatures vanquished.

Notes
Turn   | Place    | Note
-------+----------+-------------------------------------------
     0 | D:1      | buhh the Vine Stalker Transmuter began the quest for the
                  | Orb.
     0 | D:1      | Reached XP level 1. HP: 9/9 MP: 4/4
     2 | D:1      | Noticed a vine stalker
     2 | D:1      | Noticed a human
     4 | D:1      | Noticed a dwarf
     8 | D:1      | Noticed a tengu
     8 | D:1      | Noticed a minotaur
    11 | D:1      | Noticed a naga
    13 | D:1      | Noticed a vampire
    15 | D:1      | Noticed a merfolk
    15 | D:1      | Noticed an ogre
    17 | D:1      | Noticed a troll
    17 | D:1      | Noticed a ghoul
    19 | D:1      | Noticed a demigod
    19 | D:1      | Noticed a gargoyle
    21 | D:1      | Noticed a felid
    21 | D:1      | Noticed a formicid
    23 | D:1      | Noticed a spriggan
    23 | D:1      | Noticed an octopode
    25 | D:1      | Noticed a draconian
    25 | D:1      | Noticed an elf
    27 | D:1      | Noticed a demonspawn
   180 | D:1      | Quit the game

Illustrated notes

Levels and vault maps discovered:
D:1:      kb_arrival_jail, layout_basic, shapermc_ecumenical_altar_mp_vishouse

Action                   || total
-------------------------++-------
Melee: Unarmed           ||     5
       Bite              ||     2
 Cast: Beastly Appendage ||     2
Armor: Robe              ||     3
Dodge: Dodged            ||     5

Table legend: (Time is in decaauts)
 A = Elapsed time spent in this place.
 B = Non-inter-level travel time spent in this place.
 C = Inter-level travel time spent in this place.
 D = Time resting spent in this place.
 E = Time spent auto-exploring this place.
 F = Levels seen in this place.
 G = Mean time per level.
                   A        B        C        D        E       F      G
               +--------+--------+--------+--------+--------+-----+--------+
         Total |    179 |    179 |      0 |      0 |    146 |   1 |  179.0 |
       Dungeon |    179 |    179 |      0 |      0 |    146 |   1 |  179.0 |
               +--------+--------+--------+--------+--------+-----+--------+

Top non-repeatable levels by time:
     D:1: 179 daAuts
